 Dungeon Crawl Stone Soup version 0.31-a0-479-g91c9547826 (webtiles) character file.

Game seed: 203701176847339309

608 Ethylacetat the Trooper (level 7, -4/20 HPs)
             Began as a Vine Stalker Monk on Aug 7, 2023.
             Engulfed by a cloud of poison gas (7 damage)
             ... on level 4 of the Dungeon.
             The game lasted 00:09:43 (2446 turns).

Ethylacetat the Trooper (Vine Stalker Monk)         Turns: 2446, Time: 00:09:44

Health: -4/20      AC:  9    Str: 21    XL:     7   Next: 43%
Magic:  0/12       EV: 10    Int: 10    God:
Gold:   152        SH:  0    Dex: 16    Spells: 12/12 levels left

rFire   . . .        a - melded +1 hand axe
rCold   . . .        d - melded orb {light}
rNeg    . . .        b - melded +1 robe
rPois   .            (helmet currently unavailable)
rElec   .            (cloak currently unavailable)
rCorr   .            (gloves currently unavailable)
SInv    .            (boots currently unavailable)
Will    .....        (no amulet)
Stlth   +            (no ring)
HPRegen 1.03/turn    (no ring)
MPRegen 0.13/turn

%: guardian spirit
@: lethally poisoned (-4 -> -15), snake-form, on berserk cooldown, hasted and
slowed
A: constrict, reduced hp, large, (fangs 2), regeneration 1, magic shield,
(antimagic bite), no potion heal 2
a: Begin Untransformation


You were on level 4 of the Dungeon.
You were an enormous anaconda.
You visited 1 branch of the dungeon, and saw 4 of its levels.

You collected 152 gold pieces.

Inventory:

Hand Weapons
 a - a +1 hand axe (melded)
Armour
 b - a +1 robe (melded)
 d - an orb of light (melded)
Talismans
 j - a dragon-blood talisman
 o - a serpent talisman (active)
Scrolls
 e - 2 scrolls of poison
 h - 4 scrolls of identify
 p - a scroll of noise
Potions
 g - a potion of haste
 k - 2 potions of lignification


   Skills:
 + Level 4.2 Fighting
 - Level 3.2 Axes
 - Level 2.4 Dodging
 + Level 2.5 Unarmed Combat
 + Level 3.2 Spellcasting
 * Level 3.6 Shapeshifting


You had 12 spell levels left.
You didn't know any spells.
Your spell library was empty.

Dungeon Overview and Level Annotations

Branches:
Dungeon (4/15)
 Temple: D:4-7

Altars:
Fedhas
Kikubaaqudgha
Ru
Zin

Annotations:
D:3 1 runed translucent door, Crazy Yiuf
D:4 Sigmund


Innate Abilities, Weirdness & Mutations

You are an enormous anaconda.
You have a powerful constriction melee attack.
Your maximum health is decreased, since you lack skill for your form.
Your armour is entirely melded.
You are incapable of wielding weapons or throwing items.
((You have extremely sharp teeth.))
Your natural rate of healing is unusually fast.
When hurt, damage is shared between your health and your magic reserves.
((Your bite disrupts and absorbs the magic of your enemies.))
Potions cannot restore your health.


Message History

* * * LOW HITPOINT WARNING * * *
The gnoll hits you but does no damage.
As you read the scroll labelled EVYTET DOLO, it crumbles to dust.
You hear a loud clanging noise!
It was a scroll of noise.
You hear a shout! x3
The gnoll hits you but does no damage.
Sigmund points at you and mumbles some strange words.
You easily resist.
As you read the scroll labelled IMMEERCHUOF, it crumbles to dust.
It is a scroll of enchant armour.
Your +0 robe glows green for a moment.
The gnoll is no longer moving quickly.
The gnoll hits you but does no damage. Sigmund hits you but does no damage.
As you read the scroll labelled USTUIFEARGH, it crumbles to dust.
You feel aware of your surroundings.
You sensed 1 altar.
It was a scroll of revelation.
A dart slug and a quokka come into view.
The gnoll is no longer moving quickly.
The gnoll hits you but does no damage.
As you read the scroll labelled KUILOFR SAULLI, it crumbles to dust.
It is a scroll of amnesia.
You feel forgetful for a moment.
You feel less wooden.
Your +1 robe unmelds from your body.
You turn into an enormous anaconda.
Your +0 hand axe melds into your body.
Your orb of light melds into your body.
Your +1 robe melds into your body.
The gnoll is no longer moving quickly.
Something hits you.
* * * LOW HITPOINT WARNING * * *
The gnoll hits you from afar with a +0 spear.
* * * LOW HITPOINT WARNING * * *
Okay, then.
Okay, then.
As you read the scroll labelled PUCWIOTZOSYTZ, it crumbles to dust.
It is a scroll of enchant weapon.
Your +0 hand axe glows red for a moment.
The gnoll barely misses you. Something hits you but does no damage.
Okay, then.
Okay, then.
You are engulfed in poison gas.
You are lethally poisoned!
You die...

#...##..#...........
######..####.#######
###########...# #.####
#########§..#.# #....#
########☼§###.# ####.#
########§####.# #.#
########§####.# #.####
########☼####.# #....#
#######§S####.### ####..
#######.##......# ##.
#######§##..w...# #.
######g{##......** ##
#######h##.....,,***
#######gg###.##,,,,******
########g.#..##,**,,,,.,*
#########r..###,******#.#
#########..####,*** #..


You could see a hound and 2 gnolls.

Vanquished Creatures
  Grinder (D:4)
  Eustachio (D:4)
  2 vampire bats (D:3)
  A gnoll bouda (D:4)
  5 adders
  A gnoll (D:4)
  An ufetubus (D:4)
  2 worms
  2 dart slugs
  6 orcs
  A ball python (D:2)
  8 bats
  2 bat skeletons (D:3)
  3 bat zombies (D:3)
  2 endoplasms
  4 giant cockroaches
  9 goblins
  12 hobgoblins
  3 jackals (D:2)
  4 quokkas
  3 frilled lizards
  10 kobolds
  5 rats
88 creatures vanquished.

Notes
Turn   | Place    | Note
-------+----------+-------------------------------------------
     0 | D:1      | Ethylacetat the Vine Stalker Monk began the quest for the
                  | Orb.
     0 | D:1      | Reached XP level 1. HP: 11/11 MP: 2/2
   105 | D:1      | Reached XP level 2. HP: 15/16 MP: 3/3
   412 | D:1      | Reached skill level 1 in Spellcasting
   472 | D:1      | Reached skill level 3 in Fighting
   472 | D:1      | Reached XP level 3. HP: 16/20 MP: 2/5
  1094 | D:2      | Reached skill level 1 in Shapeshifting
  1124 | D:2      | Gained mutation: Your natural rate of healing is unusually
                  | fast. [Vine Stalker growth]
  1124 | D:2      | Reached XP level 4. HP: 24/24 MP: 7/7
  1580 | D:2      | Found a glowing silver altar of Zin.
  1632 | D:3      | Found a sacrificial altar of Ru.
  1866 | D:3      | Found an ancient bone altar of Kikubaaqudgha.
  1872 | D:3      | Reached skill level 1 in Unarmed Combat
  1872 | D:3      | Reached XP level 5. HP: 8/28 MP: 6/9
  2076 | D:3      | Found a glowing silver altar of Zin.
  2076 | D:3      | Noticed an angel
  2138 | D:3      | Found a runed translucent door.
  2139 | D:3      | Noticed Crazy Yiuf
  2219 | D:4      | Found a blossoming altar of Fedhas.
  2220 | D:4      | Noticed Eustachio
  2234 | D:4      | Killed Eustachio
  2235 | D:4      | Reached XP level 6. HP: 15/33 MP: 9/11
  2386 | D:4      | Noticed Sigmund
  2389 | D:4      | Noticed Grinder
  2433 | D:4      | Killed Grinder
  2434 | D:4      | Reached skill level 4 in Fighting
  2434 | D:4      | Reached XP level 7. HP: 16/37 MP: 3/12
  2446 | D:4      | Engulfed by a cloud of poison gas

Illustrated notes

Levels and vault maps discovered:
D:1:      psy_arrival_fountain, layout_basic
D:2:      layout_basic, basic_altar
D:3:      layout_rooms, mainiacjoe_overflow_paths, kennysheep_vampire_church,
          zin_angel, minmay_hedge_maze, uniq_crazy_yiuf_cottage
D:4:      layout_rooms, okawaru_trees_1, mainiacjoe_overflow_six_doors_small,
          uniq_eustachio, uniq_grinder, uniq_edmund, uniq_sigmund

Skill      XL: |  1  2  3  4  5  6 |
---------------+-------------------+-----
Axes           | 3 |  3.2
Spellcasting   | 1 2 3 |  3.2
Fighting       | 3 4 |  4.2
Shapeshifting  | 1 2 3 |  3.6
Unarmed Combat | 1 2 |  2.5
Dodging        | |  2.4

Action                     |  1- 3 |  4- 6 |  7- 9 || total
---------------------------+-------+-------+-------++-------
  Melee: Hand axe          |   101 |    43 |     2 ||   146
         Bite              |    28 |     6 |       ||    34
         Unarmed           |       |    78 |       ||    78
         Constrict         |       |    21 |       ||    21
    Use: Potion            |       |     5 |       ||     5
         Scroll            |       |       |     7 ||     7
   Stab: Sleeping          |       |     2 |       ||     2
 Armour: Robe              |    19 |     2 |       ||    21
         Skin              |       |    84 |    12 ||    96
  Dodge: Dodged            |    76 |    57 |     1 ||   134
   Form: Anaconda          |       |     1 |       ||     1

Table legend: (Time is in decaauts)
 A = Elapsed time spent in this place.
 B = Non-inter-level travel time spent in this place.
 C = Inter-level travel time spent in this place.
 D = Time resting spent in this place.
 E = Time spent auto-exploring this place.
 F = Levels seen in this place.
 G = Mean time per level.
                   A        B        C        D        E       F      G
               +--------+--------+--------+--------+--------+-----+--------+
         Total |   2458 |   2335 |    123 |      0 |   1768 |   4 |  614.5 |
       Dungeon |   2458 |   2335 |    123 |      0 |   1768 |   4 |  614.5 |
               +--------+--------+--------+--------+--------+-----+--------+

Top non-repeatable levels by time:
     D:1: 893 daAuts
     D:2: 752 daAuts
     D:3: 547 daAuts
     D:4: 265 daAuts
